 Dungeon Sprint DCSS version 0.18.1-48-g4cf74bf (webtiles) character file.

0 kosy22 the Sneak (level 2, -1/13 HPs)
             Began as a Vine Stalker Enchanter on Aug 19, 2016.
             Killed from afar by Sigmund (3 damage)
             ... with a magic dart
             ... in the Dungeon (Sprint VI: "Thunderdome").
             The game lasted 00:01:14 (108 turns).

kosy22 the Sneak (Vine Stalker Enchanter)            Turns: 108, Time: 00:01:14

Health: -1/13      AC:  3    Str: 10    XL:     2   Next: 25%
Magic:  0/7        EV: 12    Int: 15    God:
Gold:   200        SH:  0    Dex: 14    Spells: 1 memorised, 6 levels left

rFire  . . .     SeeInvis .     a - +1 dagger
rCold  . . .     Gourm    .     b - +1 robe
rNeg   . . .     Faith    .     (no shield)
rPois  .         Spirit   +     (no helmet)
rElec  .         Dismiss  .     (no cloak)
rCorr  .         Reflect  .     (no gloves)
SustAt .         Harm     .     (no boots)
MR     .....     NoTele   +     (no amulet)
Stlth  +++.......               (no ring)
                                (no ring)

@: very slightly contaminated, not resistant to hostile enchantments, fairly
stealthy
A: fangs 2, regeneration 1, magic shield, antimagic bite, no device heal 3, rot
immunity
a: no special abilities


You were in the Dungeon.
You were not hungry.

You visited 1 branch You collected 200 gold pieces.

Inventory:

Hand Weapons
 a - a +1 dagger (weapon)
Armour
 b - a +1 robe (worn)
Wands
 l - a wand of acid (5/15)
 m - a wand of iceblast (5/15)
Scrolls
 j - 3 scrolls of blinking
 n - 3 scrolls of fog
Potions
 f - 4 potions of heal wounds
 g - 4 potions of haste
 h - 2 potions of magic
 i - a potion of berserk rage
 k - a potion of resistance
Books
 c - a book of Maledictions

   Spells                             Type                      Level
   a - Corona                         Hexes                        1
   b - Ensorcelled Hibernation        Hexes/Ice                    2
   c - Confuse                        Hexes                        3
   d - Tukima's Dance                 Hexes                        3
   e - Dazzling Spray                 Conjuration/Hexes            3
Comestibles
 d - a bread ration


   Skills:
 + Level 0.8 Short Blades
 + Level 2.0 Dodging
 + Level 4.6 Stealth
 + Level 3.0 Spellcasting
 + Level 4.0 Hexes


You had 6 spell levels left.
You knew the following spells:

 Your Spells              Type           Power        Failure   Level  Hunger
a - Corona                Hex            ##.....      4%          1    #......


Dungeon Overview and Level Annotations

Branches:
Dungeon (1/1)

Altars:
Cheibriados
Dithmenos
Fedhas
Gozag
Kikubaaqudgha
Makhleb
Okawaru
Pakellas
Qazlal
Ru
Sif Muna
Trog
Vehumet
Xom
Yredelemnul
Zin
The Shining One
Jiyva
Lugonu

Shops:
D *[%??*?*:[((!!!!

Annotations:
D Sigmund


Innate Abilities, Weirdness & Mutations

You have extremely sharp teeth.
Your natural rate of healing is unusually fast.
When hurt, damage is shared between your health and your magic reserves.
Your bite disrupts and absorbs the magic of your enemies.
Potions and wands cannot restore your health.
You are immune to rotting.


Message History

Press: ? - help, Dir - move target cursor You are very lightly contaminated with residual magic.
As you read the scroll of blinking, it crumbles to dust.
You feel sick.
You feel sick.
You feel sick.
You feel sick.
You feel sick.
You feel sick.
Sigmund points at you and mumbles some strange words.
You are confused.
You're too confused!
Sigmund casts a spell.
Sigmund flickers and vanishes!
Deactivating autopickup; reactivate with Ctrl-A.
Drink which item? (? for menu, Esc to quit)
You feel better.
A magic dart appears from out of thin air!
The magic dart hits you!
You die...

#.............###............
###∩........8.# #.8........∩#
##∩___......###......___∩#
######.8.........8.######
#⌠.....{.....⌠#
###.........### #_........#
#.........# #_....@.._#
#∩.......∩# ##∩.....∩##
##.....## ##⌠⌠⌠## #####


There were no monsters in sight!

Vanquished Creatures
  An adder (D)
  A giant cockroach (D)
  A bat (D)
3 creatures vanquished.

Notes
Turn   | Place    | Note
--------------------------------------------------------------
     0 | D        | kosy22 the Vine Stalker Enchanter began the quest for the Orb.
     0 | D        | Reached XP level 1. HP: 9/9 MP: 4/4
     4 | D        | Found a shadowy altar of Dithmenos.
     4 | D        | Found an opulent altar of Gozag.
     5 | D        | Found a burning altar of Makhleb.
     5 | D        | Found a stormy altar of Qazlal.
     5 | D        | Round 1.
     6 | D        | Found a corrupted altar of Lugonu.
     6 | D        | Found a basalt altar of Yredelemnul.
     7 | D        | Found Neurhaott's Distillery.
     7 | D        | Found a snail-covered altar of Cheibriados.
     7 | D        | Found a glowing silver altar of Zin.
     7 | D        | Found Epnouluc's Do-It-Yourself Clinic.
     8 | D        | Found Naefoz's Distillery.
     8 | D        | Found Iklith's Bottled Wisdom.
    18 | D        | Found a blossoming altar of Fedhas.
    19 | D        | Found Jocwor's Weapon Rack.
    21 | D        | Found Imucwe's Basic Armour.
    21 | D        | Found Kemyer's Miscellaneous Merchandise.
    22 | D        | Found a radiant altar of Vehumet.
    22 | D        | Found an oddly glowing altar of Pakellas.
    22 | D        | Found Fapra's Premium Goods.
    42 | D        | Found an ancient bone altar of Kikubaaqudgha.
    43 | D        | Found a viscous altar of Jiyva.
    45 | D        | Found an iron altar of Okawaru.
    51 | D        | Found Iveariacs's Identification Station.
    53 | D        | Found Wokhak's Advanced Armour.
    53 | D        | Found Rochoi's Jewellery.
    54 | D        | Found a deep blue altar of Sif Muna.
    54 | D        | Found a sacrificial altar of Ru.
    54 | D        | Found a bloodstained altar of Trog.
    54 | D        | Found Plog's Bee Food.
    65 | D        | Found a glowing golden altar of the Shining One.
    72 | D        | Found a shimmering altar of Xom.
    73 | D        | Found Jaolou's Magic Scroll Shop.
    75 | D        | Found Valajozi's Magic Scroll Shop.
    75 | D        | Found Wuqis's Must-Have Magic.
    77 | D        | Found Ozxoidd's Staff Store.
    88 | D        | Noticed Sigmund
    90 | D        | Reached XP level 2. HP: 5/13 MP: 2/7
   108 | D        | Killed from afar by Sigmund

Skill      XL: |  1 |
---------------+----+-----
Stealth        | 4 |  4.6
Dodging        | 2 |  2.0
Spellcasting   | 3 |  3.0
Hexes          | 4 |  4.0
Short Blades   | |  0.8

Action                   || total
-------------------------++-------
Melee: Dagger            ||    13
       Bite              ||     3
 Cast: Corona            ||     1
  Use: Scroll            ||     1
       Potion            ||     1
Armor: Robe              ||     2
Dodge: Dodged            ||     8
